 Dungeon Crawl Stone Soup version 0.27-a0-409-gd57800a693 (webtiles) character file.

Game seed: 5249897866548776370

30 Chiseanne the Firebug (level 3, -3/27 HPs)
             Began as a Demonspawn Wanderer on Feb 23, 2021.
             Slain by a scorpion (4 damage)
             ... on level 2 of the Dungeon.
             The game lasted 00:01:45 (1988 turns).

Chiseanne the Firebug (Demonspawn Wanderer)         Turns: 1988, Time: 00:01:46

Health: -3/27      AC:  4    Str: 12    XL:     3   Next: 5%
Magic:  4/4        EV: 13    Int: 13    God:
Gold:   75         SH:  0    Dex: 13    Spells: 4/4 levels left

rFire    . . .     SeeInvis .   a - +2 dagger
rCold    . . .     Faith    .   (no shield)
rNeg     . . .     Spirit   .   e - +0 robe
rPois    .         Reflect  .   (no helmet)
rElec    .         Harm     .   (no cloak)
rCorr    .         Rampage  .   f - +0 pair of gloves
Will     .....                  g - +0 pair of boots
Stlth    ++........             (no amulet)
HPRegen  0.09/turn              (no ring)
MPRegen  0.09/turn              (no ring)

@: lethally poisoned (-3 -> -11)
A: hooves 1
a: no special abilities


You were on level 2 of the Dungeon.
You visited 1 branch of the dungeon, and saw 2 of its levels.

You collected 75 gold pieces.

Inventory:

Hand Weapons
 a - a +2 dagger (weapon)
Missiles
 d - 36 arrows
 h - 5 boomerangs (quivered)
 i - 24 stones
 m - 30 sling bullets
 n - 6 poisoned darts
 o - 20 bolts
Armour
 e - a +0 robe (worn)
 f - a +0 pair of gloves (worn)
 g - a +0 pair of boots (worn)
Scrolls
 c - a scroll of teleportation
 j - 2 scrolls of identify {unknown}
 l - a scroll of blinking {unknown}
Potions
 k - a potion of attraction {unknown}
 p - a potion of curing {unknown}


   Skills:
 * Level 2.2 Fighting
 * Level 2.6 Dodging
 - Level 1.7 Stealth
 - Level 1.0 Spellcasting
 - Level 3.6 Fire Magic


You had 4 spell levels left.
You didn't know any spells.
Your spell library contained the following spells:

 Spells                   Type           Power        Failure   Level
 Ensorcelled Hibernation  Hex/Ice        0%           38%         2
 Slow                     Hex            0%           38%         2


Dungeon Overview and Level Annotations

Branches:
Dungeon (2/15)

Altars:


Innate Abilities, Weirdness & Mutations

You have large cloven feet.


Message History

You are too injured to fight recklessly!
You are too injured to fight recklessly!
You are too injured to fight recklessly!
You are too injured to fight recklessly!
You are too injured to fight recklessly!
You are too injured to fight recklessly!
You are too injured to fight recklessly!
You are too injured to fight recklessly!
You are too injured to fight recklessly!
You are too injured to fight recklessly!
You are too injured to fight recklessly!
You are too injured to fight recklessly!
You are too injured to fight recklessly!
You are too injured to fight recklessly!
You are too injured to fight recklessly!
You are too injured to fight recklessly!
You hit the scorpion.
The scorpion is severely wounded.
You feel sick. The adder bites you but does no damage. The scorpion misses you.
The adder bites you.
You are lethally poisoned!
The adder poisons you!
You hit the scorpion but do no damage.
The scorpion is severely wounded.
You feel sick.
The scorpion stings you but does no damage.
The adder closely misses you.
You hit the scorpion but do no damage.
The scorpion is severely wounded.
* * * LOW HITPOINT WARNING * * *
You feel sick. The scorpion stings you.
* * * LOW HITPOINT WARNING * * *
The adder closely misses you.
You hit the scorpion.
The scorpion is severely wounded.
* * * LOW HITPOINT WARNING * * *
You feel sick. The adder bites you.
* * * LOW HITPOINT WARNING * * *
The scorpion stings you.
You die...

######.##### .
........... .##
#......#.##..
...#............
#.#......#.#.#.
#............$..
#s.S..##..##..
#.@...........
#......#.....>
######.#......
#.........
####..#......
#.........#.#
#.........#
#..†).....#
#.........#


You could see a scorpion and an adder.

Vanquished Creatures
  A worm (D:2)
  A dart slug (D:1)
  3 goblins (D:1)
  9 hobgoblins
  A bat (D:1)
  4 frilled lizards
  2 kobolds (D:1)
  4 rats (D:1)
25 creatures vanquished.

Notes
Turn   | Place    | Note
-------+----------+-------------------------------------------
     0 | D:1      | Chiseanne the Demonspawn Wanderer began the quest for the
                  | Orb.
     0 | D:1      | Chiseanne set off with the following items: a +2 dagger, a
                  | potion of haste, a scroll of teleportation, a +0 robe; and
                  | the following spells available to memorise: Ensorcelled
                  | Hibernation, Slow
     0 | D:1      | Reached XP level 1. HP: 15/15 MP: 2/2
   349 | D:1      | Gained mutation: You have large cloven feet. [demonic
                  | ancestry]
   349 | D:1      | Reached XP level 2. HP: 21/21 MP: 3/3
  1711 | D:2      | Reached XP level 3. HP: 8/27 MP: 4/4
  1975 | D:2      | Noticed a scorpion
  1988 | D:2      | HP: 1/27 [adder (3)]
  1988 | D:2      | Slain by a scorpion

Illustrated notes

Levels and vault maps discovered:
D:1:      wander_arrival_estate, layout_loops_corners, minmay_misc_feat_room,
          serial_bayou_pond_d
D:2:      layout_basic

Skill      XL: |  1  2 |
---------------+-------+-----
Dodging        | 2 |  2.6
Fighting       | 2 |  2.2
Stealth        | |  1.7
Spellcasting   | |  1.0
Fire Magic     | |  3.6

Action                   || total
-------------------------++-------
Melee: Dagger            ||    95
  Use: Potion            ||     1
 Stab: Sleeping          ||     6
Armor: Robe              ||    16
Dodge: Dodged            ||    43

Table legend: (Time is in decaauts)
 A = Elapsed time spent in this place.
 B = Non-inter-level travel time spent in this place.
 C = Inter-level travel time spent in this place.
 D = Time resting spent in this place.
 E = Time spent auto-exploring this place.
 F = Levels seen in this place.
 G = Mean time per level.
                   A        B        C        D        E       F      G
               +--------+--------+--------+--------+--------+-----+--------+
         Total |   1976 |   1962 |     14 |    453 |   1272 |   2 |  988.0 |
       Dungeon |   1976 |   1962 |     14 |    453 |   1272 |   2 |  988.0 |
               +--------+--------+--------+--------+--------+-----+--------+

Top non-repeatable levels by time:
     D:1: 1124 daAuts
     D:2: 851 daAuts
